[Event "Titled Tuesday Blitz July 13 2021"]
[White "Jarovinsky, Alexey"]
[Black "Paravyan, David"]
[WhiteFideId "14115131"]
[BlackFideId "4194985"]
[WhiteElo "2446"]
[BlackElo "2562"]
[Result "1/2-1/2"]
[Round "10"]
[TimeControl "180+1"]
[Date "2021.07.13"]
[WhiteClock "0:00:11"]
[BlackClock "0:00:14"]

1. Nc3 d5 2. e4 dxe4 3. Nxe4 Nf6 4. d3 Nxe4 5. dxe4 Qxd1+ 6. Kxd1 e5 7. Be3 Be6 8. Nf3 f6 9. Nd2 Nd7 10. Bc4 Kf7 11. Ke2 Bc5 12. Bxe6+ Kxe6 13. Nb3 Bxe3 14. Kxe3 a5 15. a4 b6 16. Rhd1 Rad8 17. Rd3 Nb8 18. Rad1 Rxd3+ 19. Rxd3 Nc6 20. c3 g6 21. Nd2 f5 22. Nc4 Rf8 23. Na3 fxe4 24. Rd2 Ne7 25. g3 Nf5+ 26. Kxe4 Nd6+ 27. Ke3 e4 28. Ke2 c5 29. Nb5 Nxb5 30. axb5 a4 31. Ke3 a3 32. bxa3 Rf3+ 33. Kxe4 Rxc3 34. Rd8 Rxa3 35. Rb8 Ra4+ 36. Ke3 Kd5 37. Rxb6 Ra3+ 38. Kf4 c4 39. Rb8 Rb3 40. b6 c3 41. b7 Kc6 42. Ke3 Kc7 43. Rc8+ Kxb7 44. Rc4 Kb6 45. Kd3 c2+ 46. Kxc2 Rf3 47. Rf4 Ra3 48. Kd2 Kc5 49. Ke2 Ra7 50. Kf1 Kd5 51. Kg2 Ke6 52. Rf3 Rb7 53. h4 Ra7 54. Rf4 h5 55. Rf3 Rb7 56. Rf4 Ra7 57. Re4+ Kf5 58. Re3 Kf6 59. Kf3 Kg7 60. Kf4 Rf7+ 61. Ke4 Rxf2 62. Rf3 Ra2 63. Kf4 Kf6 64. Ke4+ Ke6 65. Rd3 Rf2 66. Rf3 Re2+ 67. Kf4 Re5 68. Re3 Rxe3 69. Kxe3 Kf5 70. Kf3 Ke5 71. g4 Kf6 72. gxh5 gxh5 73. Kf4 Kg6 74. Ke5 Kh7 75. Kf5 Kh8 76. Kg6 Kg8 77. Kxh5 Kh8 78. Kg6 Kg8 79. h5 Kh8 80. h6 Kg8 81. h7+ Kh8 82. Kh6 1/2-1/2


[Site "https://www.chess.com"]

[Event "Titled Tuesday Blitz July 13 2021"]
[White "Julianos82"]
[Black "Gontcharov, Vladislav"]
[BlackFideId "4123492"]
[WhiteElo "2350"]
[BlackElo "2503"]
[Result "0-1"]
[Round "10"]
[TimeControl "180+1"]
[Date "2021.07.13"]
[WhiteClock "0:00:04"]
[BlackClock "0:00:06"]

1. d4 Nf6 2. Nf3 g6 3. c4 Bg7 4. Nc3 O-O 5. e4 d6 6. Be2 Bg4 7. Ng1 Bxe2 8. Ngxe2 c5 9. d5 b5 10. cxb5 a6 11. bxa6 Qa5 12. O-O Qxa6 13. h3 Nbd7 14. Rb1 Nb6 15. Qc2 Rfc8 16. Kh1 Nfd7 17. Be3 Nc4 18. Bg5 Kf8 19. Ng3 Rcb8 20. Rfe1 Qa5 21. f4 h6 22. Bh4 Nxb2 23. e5 Nc4 24. Nce4 Rxb1 25. Qxb1 dxe5 26. d6 exd6 27. Rf1 d5 28. Qb7 Qa7 29. Qxd5 Ne3 30. Qd6+ Kg8 31. Rf3 c4 32. f5 g5 33. f6 Bf8 34. Qd2 gxh4 35. Nf5 Nxf5 36. Rxf5 Qd4 37. Qe2 c3 38. Rh5 Kh8 39. Qg4 Nxf6 40. Qxh4 Qxe4 41. Qxf6+ Kh7 42. Qxf7+ Bg7 43. Rxh6+ Kxh6 0-1


[Site "https://www.chess.com"]

[Event "Titled Tuesday Blitz July 13 2021"]
[White "Kanyamarala, Tarun"]
[Black "Kotepalli, Sai Nirupama"]
[WhiteFideId "45004714"]
[BlackFideId "5039444"]
[WhiteElo "2086"]
[BlackElo "2456"]
[Result "0-1"]
[Round "10"]
[TimeControl "180+1"]
[Date "2021.07.13"]
[WhiteClock "0:00:02"]
[BlackClock "0:00:34"]

1. e4 c5 2. Nc3 e6 3. Nge2 g6 4. d4 cxd4 5. Qxd4 Qf6 6. Bf4 Nc6 7. Qe3 a6 8. O-O-O Bg7 9. e5 Qd8 10. Ne4 Nge7 11. Nd6+ Kf8 12. Ng3 Qa5 13. Kb1 Nd5 14. Rxd5 Qxd5 15. Bc4 Qd4 16. Qf3 g5 17. Be3 Nxe5 18. Bxd4 Nxf3 19. Bxg7+ Kxg7 20. gxf3 f5 21. h4 b5 22. Bd3 gxh4 23. Rxh4 Rb8 24. c4 bxc4 25. Bxc4 Rb6 26. Ndxf5+ exf5 27. Nxf5+ Kf8 28. Rf4 Rf6 29. Bd3 d5 30. Kc2 Rg8 31. Kc3 Rg5 0-1


[Site "https://www.chess.com"]

[Event "Titled Tuesday Blitz July 13 2021"]
[White "Karavaeva, Olga"]
[Black "Kim, Sergey"]
[WhiteFideId "4124111"]
[BlackFideId "13700570"]
[WhiteElo "2105"]
[BlackElo "2469"]
[Result "0-1"]
[Round "10"]
[TimeControl "180+1"]
[Date "2021.07.13"]
[WhiteClock "0:00:03"]
[BlackClock "0:00:14"]

1. c4 Nf6 2. Nc3 g6 3. g3 Bg7 4. Bg2 O-O 5. d4 d6 6. Nf3 Nbd7 7. O-O e5 8. e4 exd4 9. Nxd4 Re8 10. h3 Nc5 11. Re1 c6 12. b3 a5 13. Kh2 Nfd7 14. Be3 Ne5 15. Qc2 Ned3 16. Red1 Nb4 17. Qe2 Qe7 18. Rd2 Ne6 19. Rad1 Nc5 20. f4 h6 21. Qf2 Nba6 22. Nde2 a4 23. bxa4 Bf8 24. h4 Bg4 25. Rb1 Bg7 26. Nd4 Nb8 27. Rdb2 Bc8 28. e5 Nd3 29. Qd2 Nxb2 30. Rxb2 dxe5 31. fxe5 Qxe5 32. Nd1 Nd7 33. Nf3 Qf6 34. Rb3 Ne5 35. Bxh6 Ng4+ 36. Kg1 Bxh6 37. Ng5 Bxg5 38. hxg5 Qf5 39. Rf3 Qe6 40. Bf1 Qe1 41. Qc2 Bf5 42. Qb2 Qxd1 43. Rxf5 gxf5 0-1


[Site "https://www.chess.com"]

[Event "Titled Tuesday Blitz July 13 2021"]
[White "Khanin, Semen"]
[Black "Baskin, Robert"]
[WhiteFideId "4111990"]
[BlackFideId "24662402"]
[WhiteElo "2521"]
[BlackElo "2462"]
[Result "0-1"]
[Round "10"]
[TimeControl "180+1"]
[Date "2021.07.13"]
[WhiteClock "0:00:05"]
[BlackClock "0:00:03"]

1. e4 c5 2. Nf3 d6 3. Bb5+ Nd7 4. O-O a6 5. Bd3 Ngf6 6. c3 e6 7. Re1 b5 8. Bc2 c4 9. b3 Bb7 10. Na3 Rc8 11. Rb1 Ba8 12. Qe2 d5 13. exd5 Bxd5 14. bxc4 bxc4 15. d3 cxd3 16. Bxd3 Rxc3 17. Nc2 Bd6 18. Bb2 Rc7 19. Ne3 Bxf3 20. Qxf3 Ne5 21. Bxe5 Bxe5 22. Nf5 Rc5 23. Nxg7+ Kf8 24. Rbd1 Bxh2+ 25. Kxh2 Kxg7 26. Kg1 Rg5 27. Bxa6 Qa5 28. Bc4 Rg8 29. g3 Rf5 30. Qe3 Kh8 31. Bb3 Qc7 32. Rc1 Qb8 33. Qc3 h6 34. Re4 Kh7 35. Rh4 Ng4 36. Qd2 Rg6 37. Rf1 Nxf2 38. Rxf2 Qxg3+ 39. Kf1 Qxh4 40. Rxf5 exf5 41. Qf2 Qh1+ 42. Ke2 Rg2 0-1


[Site "https://www.chess.com"]

[Event "Titled Tuesday Blitz July 13 2021"]
[White "Kubatko, Ivan"]
[Black "Koridze, Lile"]
[WhiteFideId "24111473"]
[BlackFideId "13612514"]
[WhiteElo "2285"]
[BlackElo "1978"]
[Result "1-0"]
[Round "10"]
[TimeControl "180+1"]
[Date "2021.07.13"]
[WhiteClock "0:00:22"]
[BlackClock "0:00:44"]

1. e4 c5 2. Nc3 Nc6 3. f4 a6 4. a4 e6 5. Nf3 d5 6. d3 Nf6 7. Be2 Be7 8. O-O O-O 9. Qe1 dxe4 10. dxe4 Nd4 11. Bd1 Qc7 12. Kh1 b6 13. e5 Nd7 14. Ne4 Bb7 15. c3 Nc6 16. Bc2 h6 17. Qg3 Kh8 18. Qh3 Rad8 19. f5 Ndxe5 20. Bxh6 Kg8 21. f6 Ng6 22. Bxg7 Rfe8 23. Neg5 1-0


[Site "https://www.chess.com"]

[Event "Titled Tuesday Blitz July 13 2021"]
[White "Lauridsen, Jesper Morch"]
[Black "Rodriguez, Santiago"]
[WhiteFideId "1401890"]
[BlackFideId "3000591"]
[WhiteElo "2288"]
[BlackElo "2256"]
[Result "0-1"]
[Round "10"]
[TimeControl "180+1"]
[Date "2021.07.13"]
[WhiteClock "0:00:04"]
[BlackClock "0:00:10"]

1. e4 c5 2. Nf3 Nc6 3. d4 cxd4 4. Nxd4 e5 5. Nb5 d6 6. N1c3 a6 7. Na3 b5 8. Nd5 Nge7 9. c4 Nd4 10. cxb5 Nxd5 11. exd5 Be7 12. Bd3 O-O 13. O-O f5 14. Be3 Nxb5 15. Nxb5 axb5 16. Bxb5 f4 17. Bd2 f3 18. g3 Qb6 19. a4 Qd4 20. Be3 Qg4 21. Re1 Rf5 22. Rc1 Ba6 23. Bxa6 Rxa6 24. Qd3 Rxa4 25. Rc8+ Bf8 26. Rec1 e4 27. Qb5 Rb4 28. Qd7 h5 29. h3 Qg6 30. Qe6+ Kh7 31. Qxg6+ Kxg6 32. R1c2 Be7 33. R8c6 Rxd5 34. Bf4 Bf6 35. Rxd6 Rxd6 36. Bxd6 Rxb2 37. Rxb2 Bxb2 38. Kh2 Kf5 39. g4+ hxg4 40. hxg4+ Ke6 41. Bc5 Be5+ 42. Kh3 Kd5 43. Ba7 Bd4 44. Bxd4 Kxd4 45. Kg3 Kd3 46. g5 Ke2 47. g6 e3 48. fxe3 f2 0-1


[Site "https://www.chess.com"]

[Event "Titled Tuesday Blitz July 13 2021"]
[White "Lazavik, Denis"]
[Black "Yoo, Christopher Woojin"]
[WhiteFideId "13515110"]
[BlackFideId "30909694"]
[WhiteElo "2436"]
[BlackElo "2105"]
[Result "1/2-1/2"]
[Round "10"]
[TimeControl "180+1"]
[Date "2021.07.13"]
[WhiteClock "0:00:18"]
[BlackClock "0:00:03"]

1. d4 Nf6 2. c4 e6 3. Nf3 d5 4. Nc3 h6 5. Bf4 Bb4 6. e3 c5 7. Bd3 Nc6 8. O-O dxc4 9. Bxc4 cxd4 10. exd4 O-O 11. Rc1 Nd5 12. Bg3 Nxc3 13. bxc3 Bd6 14. Qe2 Bxg3 15. hxg3 b6 16. Qe4 Bb7 17. Bd3 g6 18. Qf4 Kg7 19. Be4 Qe7 20. c4 Rfd8 21. d5 Na5 22. Rfe1 Qf6 23. Qxf6+ Kxf6 24. dxe6 fxe6 25. c5 Rac8 26. Bxb7 Nxb7 27. cxb6 Rxc1 28. Rxc1 axb6 29. Rc7 Nc5 30. Rc6 Ra8 31. Rxb6 Rxa2 32. Nd4 Kf7 33. Rc6 Ne4 34. Rc2 Ra4 35. Nf3 Kf6 36. Kh2 g5 37. Ne1 Ra1 38. Nd3 Rd1 39. Nc5 Nxc5 40. Rxc5 Rd2 41. f3 h5 42. Rc8 e5 43. Rc6+ Kg7 44. Re6 Re2 45. Kg1 Kf7 46. Rh6 e4 47. Rxh5 Kg6 48. Rh8 exf3 49. gxf3 Ra2 50. Rh2 Ra1+ 51. Kg2 Ra3 52. Rh8 Ra2+ 53. Kh3 Ra3 54. Rf8 Kg7 55. Rf5 Kg6 56. g4 Ra1 57. Kg3 Rg1+ 58. Kf2 Ra1 59. Rb5 Ra2+ 60. Kg3 Ra1 61. Rd5 Ra2 62. Rd4 Rb2 63. Rd1 Ra2 64. Rf1 Rb2 65. Rf2 Rb1 66. Rd2 Ra1 67. Kf2 Ra3 68. Ke2 Rb3 69. Rd3 Rb1 70. Ke3 Re1+ 71. Kd4 Kf6 72. Re3 Rxe3 73. Kxe3 Ke5 74. Ke2 Ke6 75. Ke1 Ke5 76. Kf2 Kf6 77. Ke3 Ke5 78. Kd3 Kd5 79. Kd2 Kd6 80. Ke2 Ke6 81. Kf2 Kf6 82. Kg2 Kg6 83. Kg1 Kg7 84. Kf2 Kf6 1/2-1/2


[Site "https://www.chess.com"]

[Event "Titled Tuesday Blitz July 13 2021"]
[White "Le, Tuan Minh"]
[Black "Rustemov, Alexander"]
[WhiteFideId "12401153"]
[BlackFideId "4119002"]
[WhiteElo "2450"]
[BlackElo "2783"]
[Result "0-1"]
[Round "10"]
[TimeControl "180+1"]
[Date "2021.07.13"]
[WhiteClock "0:00:03"]
[BlackClock "0:00:08"]

1. d4 d5 2. Nf3 Nf6 3. Bf4 e6 4. e3 Bd6 5. Nbd2 O-O 6. c3 b6 7. Bd3 Ba6 8. Bxa6 Nxa6 9. O-O Bxf4 10. exf4 c5 11. Qe2 Nb8 12. Rfe1 Nc6 13. Rad1 Qc7 14. g3 Rac8 15. Nf1 Ne7 16. Ne3 Ne4 17. h4 h5 18. Ng5 Nf6 19. Qf3 g6 20. Kg2 b5 21. dxc5 Qxc5 22. Nc2 Nf5 23. a3 a5 24. Nd4 Rfe8 25. Nxf5 gxf5 26. Rd4 Qb6 27. Qe2 Rc4 28. Red1 Kg7 29. Nf3 Rec8 30. Ne5 R4c5 31. R1d3 Qc7 32. Re3 Ng4 33. Nxg4 hxg4 34. f3 gxf3+ 35. Rxf3 Rc4 36. Rfd3 b4 37. axb4 axb4 38. cxb4 Rxd4 39. Rxd4 Qc2 40. Kf2 Qc1 41. Rd1 Qc4 42. Qe5+ Kh7 43. Rd2 Qc1 44. Re2 Qh1 45. Qf6 Qh2+ 46. Kf3 Qh1+ 47. Kf2 Qh2+ 48. Kf3 Qh1+ 49. Ke3 Qg1+ 50. Kf3 Qf1+ 51. Rf2 Qh1+ 52. Ke3 Qe4+ 53. Kd2 Qc2+ 54. Ke1 Qc1+ 55. Ke2 Rc2+ 56. Kf3 Qh1+ 57. Ke3 Qe4# 0-1


[Site "https://www.chess.com"]

[Event "Titled Tuesday Blitz July 13 2021"]
[White "Liu, Manli"]
[Black "Siniauski, Artsiom"]
[WhiteFideId "8608121"]
[BlackFideId "13512269"]
[WhiteElo "2061"]
[BlackElo "2210"]
[Result "0-1"]
[Round "10"]
[TimeControl "180+1"]
[Date "2021.07.13"]
[WhiteClock "0:00:10"]
[BlackClock "0:00:07"]

1. e4 e6 2. d4 d5 3. Nd2 c5 4. exd5 Qxd5 5. Ngf3 cxd4 6. Bc4 Qd8 7. O-O Nc6 8. Nb3 a6 9. Nbxd4 Nxd4 10. Nxd4 Bd6 11. Re1 Ne7 12. Bb3 O-O 13. c3 Ng6 14. Qf3 Qc7 15. h3 Bd7 16. Be3 Rfd8 17. Rad1 Be8 18. Bg5 Be7 19. Bxe7 Qxe7 20. Qe4 Rac8 21. Rd3 b5 22. Nxe6 fxe6 23. Bxe6+ Bf7 24. Bxc8 Rxd3 25. Qxe7 Nxe7 26. Rxe7 Rd1+ 27. Kh2 Rd2 28. Rd7 Rxd7 29. Bxd7 Bxa2 30. b4 Kf7 31. Bc8 Kf6 32. Bxa6 Bc4 33. f4 Kf5 34. Kg3 Ke4 35. Kg4 Kd3 36. Bc8 Kxc3 37. Bf5 h6 38. Be4 Kxb4 39. Kf5 Bf7 40. Ke5 Kc5 41. f5 b4 42. f6 gxf6+ 43. Kxf6 Bd5 44. Bd3 Bxg2 45. h4 Kd4 46. Bb1 Be4 47. Ba2 Bd5 48. Bb1 b3 49. Kg7 Be4 50. Bxe4 Kxe4 51. Kxh6 b2 52. Kg7 b1=Q 53. h5 Qb7+ 0-1


[Site "https://www.chess.com"]

[Event "Titled Tuesday Blitz July 13 2021"]
[White "Ljukin, Sergei"]
[Black "Golubev, Mikhail"]
[WhiteFideId "14102200"]
[BlackFideId "14100983"]
[WhiteElo "2309"]
[BlackElo "2374"]
[Result "0-1"]
[Round "10"]
[TimeControl "180+1"]
[Date "2021.07.13"]
[WhiteClock "0:02:39"]
[BlackClock "0:02:45"]

1. e4 c5 2. Nf3 d6 3. d4 cxd4 4. Nxd4 Nf6 5. Nc3 g6 6. Be3 Bg7 7. f3 Nc6 8. Qd2 O-O 9. O-O-O d5 10. Kb1 Nxd4 11. e5 Nf5 12. exf6 exf6 13. Nxd5 Nxe3 14. Qxe3 Be6 15. Bc4 f5 16. Nf4 Qf6 0-1


[Site "https://www.chess.com"]

[Event "Titled Tuesday Blitz July 13 2021"]
[White "Madaminov, Mukhiddin"]
[Black "Bortnyk, Olexandr"]
[WhiteFideId "14210703"]
[BlackFideId "14120828"]
[WhiteElo "1747"]
[BlackElo "2723"]
[Result "0-1"]
[Round "10"]
[TimeControl "180+1"]
[Date "2021.07.13"]
[WhiteClock "0:02:03"]
[BlackClock "0:02:09"]

1. e4 Nf6 2. e5 Nd5 3. d4 d6 4. Nf3 dxe5 5. Nxe5 c6 6. Nc3 Nd7 7. Nxd5 cxd5 8. Nxd7 Bxd7 9. Bd3 g6 10. O-O Bg7 11. c3 O-O 12. Re1 Re8 0-1


[Site "https://www.chess.com"]

[Event "Titled Tuesday Blitz July 13 2021"]
[White "Maevsky, Nikolay"]
[Black "Erdogdu, Mert"]
[WhiteFideId "4198220"]
[BlackFideId "6301495"]
[WhiteElo "2213"]
[BlackElo "2485"]
[Result "0-1"]
[Round "10"]
[TimeControl "180+1"]
[Date "2021.07.13"]
[WhiteClock "0:00:13"]
[BlackClock "0:00:17"]

1. d4 d5 2. Nf3 e6 3. e3 c5 4. b3 Nf6 5. Bb2 Nc6 6. Bd3 cxd4 7. exd4 Bb4+ 8. Nbd2 O-O 9. a3 Bd6 10. O-O b6 11. Ne5 Bb7 12. f4 Ne7 13. Qe2 Rc8 14. g4 Qc7 15. c3 Ng6 16. g5 Nd7 17. Nxg6 hxg6 18. Qg4 Rfe8 19. Rf3 Nb8 20. Re1 Ba6 21. Bb1 Nc6 22. Rh3 Bxf4 23. Qh4 Kf8 24. Nf3 Ne7 25. Qh8+ Ng8 26. Rh7 Ke7 27. Qxg7 Rf8 28. Qxg6 Bxh2+ 29. Nxh2 Qg3+ 30. Kh1 Qxe1+ 31. Kg2 Qd2+ 32. Kh1 Qxb2 33. Ng4 Qc1+ 34. Kg2 Qd2+ 35. Nf2 Qe2 36. Qg7 Rxc3 37. g6 Qf1+ 38. Kh2 Qxf2+ 39. Kh1 Rc1# 0-1


[Site "https://www.chess.com"]

[Event "Titled Tuesday Blitz July 13 2021"]
[White "Maiorov, Nikita"]
[Black "FGHSMN"]
[WhiteFideId "13501720"]
[WhiteElo "2440"]
[BlackElo "2520"]
[Result "0-1"]
[Round "10"]
[TimeControl "180+1"]
[Date "2021.07.13"]
[WhiteClock "0:00:01"]
[BlackClock "0:00:14"]

1. d4 d5 2. c4 c6 3. Nc3 Nf6 4. e3 e6 5. Nf3 Nbd7 6. Qc2 Bd6 7. b3 O-O 8. Be2 b6 9. O-O Bb7 10. Bb2 Rc8 11. Rad1 Qe7 12. Rfe1 Rfd8 13. Bf1 e5 14. dxe5 Nxe5 15. Nd4 Bb8 16. cxd5 cxd5 17. f3 Nc6 18. Nxc6 Bxc6 19. Qd2 Qc7 20. g3 d4 21. exd4 Bxf3 22. Be2 Ba8 23. Bf1 Bf3 24. Rc1 Qb7 25. Ba3 b5 26. Be7 b4 27. Bxf6 gxf6 28. Na4 Be5 29. Rxe5 fxe5 30. Qg5+ Kf8 31. Nc5 Qd5 32. Rc4 exd4 33. Qh6+ Kg8 34. Bd3 f5 0-1


[Site "https://www.chess.com"]

[Event "Titled Tuesday Blitz July 13 2021"]
[White "Makhmudov, Shukhrat"]
[Black "Markidis, Konstantinos"]
[WhiteFideId "14200775"]
[BlackFideId "4203500"]
[WhiteElo "2135"]
[BlackElo "2304"]
[Result "1-0"]
[Round "10"]
[TimeControl "180+1"]
[Date "2021.07.13"]
[WhiteClock "0:01:28"]
[BlackClock "0:00:05"]

1. e4 e6 2. Nf3 d5 3. e5 Bd7 4. a3 Ne7 5. d4 c5 6. c3 Nbc6 7. Bd3 c4 8. Bc2 h6 9. O-O Na5 10. Nfd2 Qc7 11. f4 O-O-O 12. b3 cxb3 13. Nxb3 Nxb3 14. Bxb3 Nc6 15. Be3 Na5 16. Bc2 Kb8 17. a4 f6 18. exf6 gxf6 19. f5 e5 20. dxe5 fxe5 21. Qxd5 Bxf5 22. Qa2 Bxc2 23. Qxc2 Nc4 24. Bf2 Rg8 25. Qe4 Bc5 26. Ra2 Bxf2+ 27. Raxf2 Rg5 28. Kh1 a6 29. h3 Rc8 30. Rf5 Qc6 31. Qxc6 Rxc6 32. Rxg5 hxg5 33. Rd1 e4 34. Nd2 Nxd2 35. Rxd2 Rxc3 36. Rd4 e3 37. Kh2 Kc7 38. Re4 b5 39. Kg3 1-0


[Site "https://www.chess.com"]

[Event "Titled Tuesday Blitz July 13 2021"]
[White "Manukyan, Artyom"]
[Black "Salazar Cabezas, Alberto Javier"]
[WhiteFideId "13305786"]
[BlackFideId "6104401"]
[WhiteElo "2034"]
[BlackElo "1893"]
[Result "0-1"]
[Round "10"]
[TimeControl "180+1"]
[Date "2021.07.13"]
[WhiteClock "0:00:01"]
[BlackClock "0:00:07"]

1. e4 e6 2. d4 d5 3. Bd3 dxe4 4. Bxe4 Nf6 5. Bf3 c5 6. Ne2 Nc6 7. Be3 cxd4 8. Nxd4 Ne5 9. Nc3 a6 10. Qe2 Nxf3+ 11. gxf3 Bb4 12. O-O-O Bxc3 13. Nxe6 Bxb2+ 14. Kxb2 Bxe6 15. Rxd8+ Rxd8 16. Rd1 Rxd1 17. Qxd1 O-O 18. Bd4 Rd8 19. c3 b5 20. Qg1 Ne8 21. Qg5 f6 22. Qc5 Nd6 23. Kc1 Bxa2 24. Qb6 Nf7 25. Qxa6 Bc4 26. f4 h6 27. h4 Re8 28. Kd1 Bb3+ 29. Kd2 Bc4 30. Qc6 Re6 31. Qc8+ Kh7 32. h5 Nd6 33. Qc7 Ne4+ 34. Kc1 Ra6 35. Qb7 Ra1+ 36. Kb2 Ra2+ 37. Kc1 Ra1+ 38. Kb2 Ra2+ 39. Kb1 Nd2+ 40. Kc1 Nb3+ 41. Kd1 Bd3 42. c4 Rc2 43. Be3 Rb2 44. Bc1 Rb1 45. Qd5 Rxc1# 0-1


[Site "https://www.chess.com"]

[Event "Titled Tuesday Blitz July 13 2021"]
[White "Martinez Alcantara, Jose Eduardo"]
[Black "Bazeev, German"]
[WhiteFideId "3805662"]
[BlackFideId "24119350"]
[WhiteElo "2690"]
[BlackElo "2462"]
[Result "1-0"]
[Round "10"]
[TimeControl "180+1"]
[Date "2021.07.13"]
[WhiteClock "0:00:07"]
[BlackClock "0:00:03"]

1. c4 e5 2. g3 Nc6 3. Nc3 Nf6 4. Bg2 Bb4 5. Nf3 Bxc3 6. bxc3 d6 7. d3 e4 8. Nd4 exd3 9. exd3 O-O 10. Nxc6 bxc6 11. O-O Bd7 12. h3 h6 13. c5 d5 14. Be3 Re8 15. Rb1 Qc8 16. Kh2 Qa6 17. Qd2 Nh7 18. Rb4 Rab8 19. Rfb1 Rxb4 20. Rxb4 Bf5 21. Bf1 Nf8 22. Kg1 Ng6 23. Bd4 Qc8 24. Kh2 Ne5 25. Qd1 Bg6 26. f4 Nd7 27. Ra4 Nf8 28. g4 f5 29. Rxa7 Qb8 30. Ra6 Qb2+ 31. Kg3 Ne6 32. Be5 d4 33. c4 Qb7 34. Ra5 Qb4 35. Ra6 Qb7 36. Ra3 Nxc5 37. Bxd4 Ne6 38. Be5 c5 39. Bg2 Qc8 40. Ra8 Qd7 41. Rxe8+ Qxe8 42. a4 Nd4 43. a5 Nc6 44. Bd5+ Kh7 45. Qa1 fxg4 46. hxg4 Nxe5 47. Qxe5 Qa4 48. f5 Be8 49. f6 1-0


[Site "https://www.chess.com"]

[Event "Titled Tuesday Blitz July 13 2021"]
[White "Mirzoev, Azer"]
[Black "Prraneeth Vuppala"]
[WhiteFideId "13400304"]
[BlackFideId "46622373"]
[WhiteElo "2525"]
[BlackElo "1759"]
[Result "1-0"]
[Round "10"]
[TimeControl "180+1"]
[Date "2021.07.13"]
[WhiteClock "0:00:51"]
[BlackClock "0:00:11"]

1. d4 Nf6 2. c4 g6 3. Nc3 d5 4. Nf3 Bg7 5. Bg5 Ne4 6. Bh4 Nxc3 7. bxc3 c5 8. e3 cxd4 9. cxd4 Nc6 10. Be2 O-O 11. O-O Bf5 12. Qb3 Na5 13. Qb4 Re8 14. cxd5 Qxd5 15. Rfc1 b6 16. Qb5 Be4 17. Qxd5 Bxd5 18. Rc7 Rac8 19. Rxa7 Nc6 20. Ra6 e5 21. dxe5 Nxe5 22. Nxe5 Bxe5 23. Rd1 Rc2 24. Bb5 Rec8 25. Rxd5 Rc1+ 26. Bf1 Ra1 27. Rxe5 Rcc1 28. g4 Rxf1+ 29. Kg2 1-0


[Site "https://www.chess.com"]

[Event "Titled Tuesday Blitz July 13 2021"]
[White "Mortazavi, Ali"]
[Black "Willow, Jonah B"]
[WhiteFideId "401323"]
[BlackFideId "438804"]
[WhiteElo "2339"]
[BlackElo "2261"]
[Result "0-1"]
[Round "10"]
[TimeControl "180+1"]
[Date "2021.07.13"]
[WhiteClock "0:00:01"]
[BlackClock "0:00:13"]

1. Nf3 c5 2. e4 Nc6 3. d3 g6 4. g3 Bg7 5. Bg2 e6 6. O-O Nge7 7. c3 e5 8. b4 cxb4 9. cxb4 Nxb4 10. Ba3 Nec6 11. Nc3 O-O 12. Nd5 a5 13. Qd2 Re8 14. Nxb4 axb4 15. Bxb4 Nxb4 16. Qxb4 d5 17. Rfe1 Qa5 18. Qb2 b6 19. Rab1 d4 20. Nd2 Be6 21. Red1 Rec8 22. Bf1 Qxa2 23. Qxb6 Rc2 24. Ra1 Qxa1 25. Rxa1 Rxa1 26. Qb8+ Bf8 27. Kg2 Rxd2 28. Qxe5 Raa2 29. Qxd4 h5 30. h4 Bg7 31. Qd8+ Kh7 32. Kg1 Rxf2 33. Qb6 Rfb2 34. Qe3 Ra4 0-1


[Site "https://www.chess.com"]

[Event "Titled Tuesday Blitz July 13 2021"]
[White "Musovic, Armin"]
[Black "Ozen, Bahadir"]
[WhiteFideId "939935"]
[BlackFideId "6337058"]
[WhiteElo "2250"]
[BlackElo "2503"]
[Result "0-1"]
[Round "10"]
[TimeControl "180+1"]
[Date "2021.07.13"]
[WhiteClock "0:00:08"]
[BlackClock "0:00:07"]

1. a3 c6 2. Nc3 d5 3. e4 dxe4 4. Nxe4 Bf5 5. Ng3 Bg6 6. f4 e6 7. Nf3 Nd7 8. d4 Qc7 9. Bd3 Bxd3 10. Qxd3 g6 11. O-O Ne7 12. Ne5 Bg7 13. Bd2 O-O 14. Rae1 Rad8 15. Qe2 Nf6 16. c3 Nf5 17. Ne4 Nxe4 18. Qxe4 c5 19. g4 Nd6 20. Qg2 cxd4 21. cxd4 Nb5 22. Bb4 Rfe8 23. f5 exf5 24. gxf5 Nxd4 25. fxg6 fxg6 26. Ng4 Rxe1 27. Bxe1 Nf5 28. Kh1 Qc6 29. Qxc6 bxc6 30. b4 Rd3 31. a4 Ra3 32. a5 Ra1 33. Rg1 Bd4 34. Bf2 Ra4 35. Bxd4 Nxd4 36. Rb1 Nc2 37. Nf6+ Kf7 38. Nxh7 Rxb4 39. Rc1 Nd4 40. Ng5+ Ke7 41. Re1+ Kd7 42. Nf7 c5 43. Ne5+ Kd6 44. Nxg6 c4 45. Rd1 c3 46. Nh4 c2 47. Rg1 Rb1 48. h3 Rxg1+ 49. Kxg1 c1=Q+ 50. Kg2 Qg5+ 0-1


[Site "https://www.chess.com"]

[Event "Titled Tuesday Blitz July 13 2021"]
[White "Nabaty, Tamir"]
[Black "Quparadze, Giga"]
[WhiteFideId "2809052"]
[BlackFideId "13602250"]
[WhiteElo "2627"]
[BlackElo "2658"]
[Result "0-1"]
[Round "10"]
[TimeControl "180+1"]
[Date "2021.07.13"]
[WhiteClock "0:02:05"]
[BlackClock "0:02:15"]

1. Nf3 c5 2. b3 d6 3. Bb2 e5 4. g3 g6 5. Bg2 Bg7 6. O-O Nc6 7. c4 Nge7 8. e3 O-O 9. Nc3 Bf5 10. d3 Nb4 11. Ne1 Qd7 12. a3 Nbc6 13. Nc2 Bg4 14. Qd2 Bh3 15. Rad1 Bxg2 16. Kxg2 d5 17. e4 dxc4 18. bxc4 Nd4 19. Nxd4 exd4 20. Nd5 Nxd5 21. exd5 b5 22. Rfe1 bxc4 23. dxc4 Qa4 24. Qd3 Rab8 25. Bc1 Rb3 26. Qc2 Rxg3+ 0-1


[Site "https://www.chess.com"]

[Event "Titled Tuesday Blitz July 13 2021"]
[White "Najdin, Danil"]
[Black "Hamley, Ryan"]
[WhiteFideId "4172426"]
[BlackFideId "30959497"]
[WhiteElo "2193"]
[BlackElo "2394"]
[Result "0-1"]
[Round "10"]
[TimeControl "180+1"]
[Date "2021.07.13"]
[WhiteClock "0:00:01"]
[BlackClock "0:00:32"]

1. e4 c5 2. Nf3 d6 3. d4 cxd4 4. Nxd4 Nf6 5. Nc3 a6 6. Bc4 e6 7. Bg5 Be7 8. Bb3 b5 9. f4 Bb7 10. e5 dxe5 11. fxe5 Nd5 12. Bxe7 Qxe7 13. O-O Nxc3 14. bxc3 O-O 15. c4 Rd8 16. c3 Nc6 17. cxb5 axb5 18. Nxc6 Bxc6 19. Qh5 Rd2 20. Rf2 Rxf2 21. Kxf2 Qc5+ 22. Kf1 Qxc3 23. Rd1 Rf8 24. Qg5 Be4 25. Rd8 Qc7 26. Rd4 Bg6 27. h4 h6 28. Qg3 Rd8 29. Rxd8+ Qxd8 30. Kg1 Qd4+ 31. Kh2 Be4 32. Qf4 Qd3 33. Qf2 Bd5 34. Bxd5 Qxd5 35. Qe2 Qc4 36. Qf2 h5 37. g3 Qe4 38. Qc5 Qe2+ 39. Kg1 Kh7 40. a3 Qb2 41. Kh1 Kg6 42. Qe3 Qb1+ 43. Kh2 Qf5 44. Qc5 Qc2+ 45. Kh3 Qxc5 0-1


[Site "https://www.chess.com"]

[Event "Titled Tuesday Blitz July 13 2021"]
[White "Nguyen, Quoc Hy"]
[Black "Dobrowolski, Piotr"]
[WhiteFideId "12410853"]
[BlackFideId "1106236"]
[WhiteElo "1975"]
[BlackElo "2304"]
[Result "1-0"]
[Round "10"]
[TimeControl "180+1"]
[Date "2021.07.13"]
[WhiteClock "0:00:12"]
[BlackClock "0:00:02"]

1. d4 e6 2. c4 c5 3. d5 exd5 4. cxd5 d6 5. Nc3 g6 6. h4 Nf6 7. Bg5 Bg7 8. h5 O-O 9. Qd2 b5 10. Nxb5 Ba6 11. Nc3 Nbd7 12. e4 Bxf1 13. Kxf1 Re8 14. Nf3 Rb8 15. Re1 Qb6 16. hxg6 fxg6 17. Re2 Ng4 18. Rh4 h5 19. Kg1 Rf8 20. Bf4 Rf7 21. Rh3 Rbf8 22. Be3 Rxf3 23. Rxf3 Rxf3 24. gxf3 Nde5 25. Kg2 Nxf3 26. Kxf3 Qd8 27. Bg5 Qf8+ 28. Kg2 Be5 29. f4 Bd4 30. Nd1 Qc8 31. Ne3 Nxe3+ 32. Rxe3 h4 33. Qe2 Bxe3 34. Qxe3 Qg4+ 35. Kh2 h3 36. Qf2 c4 37. Qg3 Qe2+ 38. Kxh3 Qh5+ 39. Kg2 Qe2+ 40. Qf2 Qxe4+ 41. Kg3 Qxd5 42. Qe3 c3 43. bxc3 Qxa2 44. Qe8+ Kg7 45. Qe7+ Kg8 46. Bf6 1-0


[Site "https://www.chess.com"]